 Dungeon Crawl Stone Soup version 0.19.5 (webtiles) character file.

8388 Mesmaeker13 the Basher (level 11, -1/115 HPs)
             Began as an Ogre Hunter on May 2, 2017.
             Was a High Priest of Okawaru.
             Slain by a centaur warrior (5 damage)
             ... on level 13 of the Dungeon.
             The game lasted 00:31:53 (10463 turns).

Mesmaeker13 the Basher (Ogre Hunter)               Turns: 10463, Time: 00:31:54

Health: -1/115     AC:  4    Str: 26    XL:     11   Next: 30%
Magic:  0/15       EV: 15    Int: 11    God:    Okawaru [*****.]
Gold:   191        SH:  0    Dex: 16    Spells: 0 memorised, 10 levels left

rFire  . . .     SeeInvis .     I - +5 morningstar (protect)
rCold  . . .     Gourm    .     b - +0 robe
rNeg   . . .     Faith    .     (no shield)
rPois  .         Spirit   +     (helmet restricted)
rElec  .         Reflect  .     K - +0 cloak {+Inv}
rCorr  .         Harm     .     (gloves unavailable)
MR     +....                    (boots unavailable)
Stlth  ++........               q - amulet of guardian spirit
                                (no ring)
                                i - +6 ring of dexterity

@: mighty, exhausted, slowed, very slow
A: unfitting armour, sense surroundings 1, tough skin 1
a: Heroism, Finesse, Renounce Religion, Evoke Invisibility


You were on level 13 of the Dungeon.
You worshipped Okawaru.
Okawaru was extremely pleased with you.
You were not hungry.

You visited 2 branches of the dungeon, and saw 12 of its levels.

You collected 539 gold pieces.
You spent 348 gold pieces at shops.

Inventory:

Hand Weapons
 x - a +0 giant spiked club
 y - a +0 blowgun
 I - a +5 morningstar of protection (weapon)
 N - a +0 giant club
 T - a +0 eveningstar
Missiles
 g - 6 needles of paralysis
 n - 2 large rocks (quivered)
 o - 18 poisoned needles
 F - 3 javelins
 V - 2 javelins of returning
 W - 2 exploding tomahawks
 Y - a throwing net
Armour
 b - a +0 robe (worn)
 K - a +0 cloak of invisibility (worn)
Jewellery
 i - a +6 ring of dexterity (left hand)
 q - an amulet of guardian spirit (around neck)
Wands
 d - a wand of confusion (6/48)
 s - a wand of acid (1/15)
 w - a wand of iceblast (10/15)
 z - a wand of lightning (7/15)
 S - a wand of disintegration (8/24)
Scrolls
 c - 2 scrolls of recharging
 l - 2 scrolls of magic mapping
 m - 2 scrolls of remove curse
 r - a scroll of fear {unknown}
 t - 4 scrolls of enchant armour
 D - a scroll of enchant weapon
 M - a scroll of blinking {unknown}
Potions
 a - 2 potions of haste
 e - 3 potions of agility
 h - 5 potions of flight
 p - 3 potions of cancellation
 u - 2 potions of might
 v - 3 potions of heal wounds
 B - a potion of lignification {unknown}
 C - a potion of magic
 E - 3 potions of curing
 G - 2 potions of brilliance
 Q - a potion of cure mutation {unknown}
 U - a potion of invisibility
Comestibles
 f - 4 bread rations
 A - a slice of pizza
 J - 2 meat rations
 O - a fruit


   Skills:
 - Level 9.0 Fighting
 + Level 11.2 Maces & Flails
 + Level 9.0 Throwing
 + Level 8.6 Dodging
 - Level 0.6 Stealth
 + Level 6.0 Invocations


You had 10 spell levels left.
You didn't know any spells.

Dungeon Overview and Level Annotations

Branches:
Dungeon (10/15)            Temple (1/1) D:6            Lair (0/6) D:10
    Orc (0/2) D:9

Altars:
Ashenzari
Dithmenos
Elyvilon
Fedhas
Gozag
Hepliaklqana
Kikubaaqudgha
Makhleb
Okawaru
Ru
Trog
Uskayaw
Vehumet
Xom
Yredelemnul
Zin
The Shining One

Shops:
D:6 !   D:7 ?   D:9 (!}

Annotations:
D:3 Sigmund; miragecloak's ghost, amateur FoAK


Innate Abilities, Weirdness & Mutations

You are too large for most types of armour.
You have tough skin. (AC +1)
You passively map a small area around you.


Message History

Your surroundings seem slightly different.
You hear a twanging sound.
An arrow appears from out of thin air!
The arrow hits you!
* * * LOW HITPOINT WARNING * * *
You hear a twanging sound.
An arrow appears from out of thin air!
The arrow hits you!!
* * * LOW HITPOINT WARNING * * *
The human hits you but does no damage. The orc knight barely misses you.
A human comes into view.
You see here an arrow.
You hear a twanging sound.
An arrow appears from out of thin air!
The arrow hits you!
* * * LOW HITPOINT WARNING * * *
The human hits you.
* * * LOW HITPOINT WARNING * * *
A centaur warrior appears from thin air!
Reactivating autopickup.
The centaur warrior unwields an uncursed shortbow.
The centaur warrior hits you.
You die...

###########
#.........#
#.........# *
#.........# * * #
#.........####....
* #......ppc@....#
* #....(..?o######
#††.......##
#([.........#**
#######'###... *
..# .... , ####
.p. ,,, ,, * ...,
, , * , *


You could see an orc knight, a centaur warrior and 2 humans.

Vanquished Creatures
  A fire dragon (D:13)
  Pikel (D:7)
  3 hill giants
  A wyvern (D:9)
  A vampire (D:10)
  2 hungry ghosts
  A wraith (D:10)
  Eustachio (D:4)
  12 humans (D:13)
  3 wargs (D:9)
  A water moccasin (D:9)
  A slave (D:7)
  2 ice beasts
  4 phantoms
  3 ogres
  A centaur (D:5)
  A big kobold (D:8)
  3 bullfrogs
  3 scorpions
  3 killer bees (D:8)
  9 wights
  8 hounds
  A jelly (D:7)
  3 orc priests
  Crazy Yiuf (D:7)
  A bullfrog skeleton (D:9)
  3 iguanas
  7 orc wizards
  8 worker ants
  A mummy (D:7)
  Robin (D:3)
  11 adders
  A shadow imp (D:5)
  An adder skeleton (D:4)
  2 dart slugs
  2 worms
  3 leopard geckos
  26 orcs
  4 giant cockroaches
  13 goblins
  12 hobgoblins
  4 jackals (D:7)
  9 kobolds
  7 quokkas
  9 bats
  4 frilled lizards
  A jackal zombie (D:5)
  2 kobold zombies (D:7)
  A leopard gecko zombie (D:6)
  2 orc zombies (D:7)
  5 rats
210 creatures vanquished.

Vanquished Creatures (collateral kills)
  A human (D:13)
1 creature vanquished.

Vanquished Creatures (others)
  A slave (D:7)
  2 wights (D:7)
3 creatures vanquished.

Grand Total: 214 creatures vanquished

Notes
Turn   | Place    | Note
-------+----------+-------------------------------------------
     0 | D:1      | Mesmaeker13 the Ogre Hunter began the quest for the Orb.
     0 | D:1      | Reached XP level 1. HP: 22/22 MP: 1/1
    88 | D:1      | Reached XP level 2. HP: 29/31 MP: 2/2
   707 | D:1      | Reached XP level 3. HP: 23/37 MP: 0/3
  1262 | D:2      | Reached skill level 1 in Maces & Flails
  1645 | D:2      | Reached XP level 4. HP: 45/45 MP: 4/4
  1906 | D:3      | Noticed miragecloak's ghost (amateur FoAK)
  2526 | D:3      | Noticed Sigmund
  2587 | D:4      | Noticed Robin
  2805 | D:3      | Killed Robin
  2866 | D:3      | Reached XP level 5. HP: 52/53 MP: 5/5
  2886 | D:4      | Reached skill level 5 in Throwing
  3079 | D:3      | Reached skill level 2 in Maces & Flails
  3595 | D:4      | Reached XP level 6. HP: 48/62 MP: 4/6
  3683 | D:4      | Reached skill level 3 in Maces & Flails
  3741 | D:4      | Noticed Eustachio
  3747 | D:4      | Killed Eustachio
  3821 | D:4      | Reached skill level 5 in Fighting
  3821 | D:4      | Reached skill level 4 in Maces & Flails
  3847 | D:4      | Reached XP level 7. HP: 63/72 MP: 7/7
  4207 | D:5      | Entered Level 5 of the Dungeon
  4625 | D:5      | Reached skill level 5 in Maces & Flails
  5133 | D:5      | Reached XP level 8. HP: 81/84 MP: 8/8
  5382 | D:5      | Reached skill level 5 in Dodging
  5503 | D:5      | Found a bloodstained altar of Trog.
  5663 | D:6      | Reached skill level 6 in Maces & Flails
  5712 | D:6      | Found a glowing golden altar of the Shining One.
  5751 | D:6      | Found a basalt altar of Yredelemnul.
  6157 | D:6      | Found a staircase to the Ecumenical Temple.
  6166 | Temple   | Entered the Ecumenical Temple
  6188 | Temple   | Became a worshipper of Warmaster Okawaru
  6365 | D:6      | Reached skill level 7 in Maces & Flails
  6449 | D:6      | Found Taonaaph's Distillery.
  6462 | D:6      | Bought a potion of curing for 33 gold pieces
  6462 | D:6      | Bought a potion of heal wounds for 55 gold pieces
  6754 | D:7      | Found Gucw's Magic Scroll Boutique.
  6757 | D:7      | Bought a scroll of brand weapon for 260 gold pieces
  6844 | D:7      | Found a runed door.
  6939 | D:7      | Noticed Pikel
  6950 | D:7      | Killed Pikel
  6950 | D:7      | Reached * piety under Okawaru
  6950 | D:7      | Reached ** piety under Okawaru
  6950 | D:7      | Reached skill level 8 in Maces & Flails
  6950 | D:7      | Reached XP level 9. HP: 81/97 MP: 7/9
  7363 | D:7      | Noticed Crazy Yiuf
  7365 | D:7      | Killed Crazy Yiuf
  7768 | D:8      | Reached skill level 1 in Invocations
  7908 | D:8      | Reached skill level 9 in Maces & Flails
  8590 | D:9      | Found Jusm's Gadget Shop.
  8833 | D:9      | Reached XP level 10. HP: 92/107 MP: 8/11
  8992 | D:9      | Reached *** piety under Okawaru
  9310 | D:9      | Found Garhoej's Distillery.
  9343 | D:9      | Found Kikul's Antique Weapon Boutique.
  9429 | D:9      | Noticed a hill giant
  9438 | D:9      | Killed a hill giant
  9438 | D:9      | Received a gift from Okawaru
  9464 | D:9      | Found a staircase to the Orcish Mines.
  9498 | D:10     | Entered Level 10 of the Dungeon
  9551 | D:10     | Reached skill level 10 in Maces & Flails
  9570 | D:10     | Noticed a hill giant
  9577 | D:10     | Killed a hill giant
  9577 | D:10     | Reached **** piety under Okawaru
  9577 | D:10     | Received a gift from Okawaru
  9790 | D:9      | Noticed a hill giant
  9804 | D:9      | Killed a hill giant
  9998 | D:10     | Gained mutation: You passively map a small area around you. [potion of beneficial mutation]
 10094 | D:10     | Found a staircase to the Lair.
 10099 | D:10     | You fall through a shaft for 3 floors!
 10369 | D:13     | Noticed a fire dragon
 10389 | D:13     | Reached skill level 5 in Invocations
 10403 | D:13     | Reached XP level 11. HP: 109/115 MP: 12/14
 10419 | D:13     | Noticed a centaur warrior
 10425 | D:13     | Reached skill level 11 in Maces & Flails
 10435 | D:13     | Noticed an orc knight
 10446 | D:13     | Killed a fire dragon
 10446 | D:13     | Reached ***** piety under Okawaru
 10462 | D:13     | HP: 4/115 [human (6)]
 10463 | D:13     | Slain by a centaur warrior

Skill      XL: |  1  2  3  4  5  6  7  8  9 10 11 |
---------------+----------------------------------+-----
Dodging        | 2 3 4 6 7 8 |  8.6
Fighting       | 3 4 5 6 8 9 |  9.0
Maces & Flails | 1 2 4 5 8 9 10 11 | 11.2
Throwing       | 5 6 7 8 9 |  9.0
Invocations    | 2 5 6 |  6.0
Stealth        | |  0.6

Action                   |  1- 3 |  4- 6 |  7- 9 | 10-12 || total
-------------------------+-------+-------+-------+-------++-------
Melee: Short sword       |    12 |       |       |       ||    12
       Club              |   153 |    74 |    63 |       ||   290
       Dagger            |       |    71 |       |       ||    71
       Morningstar       |       |       |   162 |   124 ||   286
       Mace              |       |       |    23 |       ||    23
 Fire: Blowgun           |       |       |     7 |       ||     7
Throw: Large rock        |    11 |    20 |    15 |     5 ||    51
       Javelin           |       |    22 |    39 |    15 ||    76
       Throwing net      |       |     3 |     3 |       ||     6
       Stone             |       |     1 |    16 |       ||    17
       Tomahawk          |       |       |       |     5 ||     5
Evoke: Wand              |       |       |     4 |     5 ||     9
       Phantom mirror    |       |       |       |     1 ||     1
  Use: Scroll            |       |    10 |     7 |     8 ||    25
       Potion            |       |     1 |     1 |     8 ||    10
 Stab: Sleeping          |     2 |       |     3 |     1 ||     6
       Held in net/web   |       |     1 |       |       ||     1
  Eat: Chunk             |     3 |     7 |    16 |     1 ||    27
       Bread ration      |       |       |     1 |       ||     1
       Beef jerky        |       |       |     1 |       ||     1
       Meat ration       |       |       |       |     1 ||     1
Armor: Robe              |    81 |    53 |    39 |    53 ||   226
Dodge: Dodged            |   130 |   122 |   144 |   129 ||   525
